Workbook

Sheet Cover
M5: People's Republic of Bangladesh
M6: Ministry of Planning
M7: Statistics and Informatics Division
M8: Bangladesh Bureau of Statistics
M9: Quarterly Labour Force Survey
M11: Identification
M12: Year | O12: Quarter | Q12: PSU | U12: Household
A16: Confidentiality | Y16: Dates and results of the interview
A17: The data gathered from this questionnaire is confidential and it will be used only for statistical and research purposes. | M17: Explain in detail | V17: Code | AA17: Day | AB17: Month | AC17: Year
M18: Zila / Ditrict | Y18: Visit 1 | AD18: Complete answers obtaned | AH18: 1
AD19: Partially complete | AH19: 2
A20: Why a Labour Force Survey? | M20: Upazila / Thana | Y20: Visit 2 | AD20: Temporarily absent | AH20: 3
A21: The survey is an essential source of indicators on the labour force, the labour market, and progress towards the sustainable development goals. | AD21: Vacant (members left) | AH21: 4
M22: Union / Ward | Y22: Visit 3 | AD22: Listing error | AH22: 5
AD23: Refusal | AH23: 6
M24: Mauza / Mahalla
A25: Survey objectives | Y25: Staff responsible for the interview
A26: The survey will produce statistics on formal and informal employment, unemployment, underemployment, labour migration, wages and hours worked, all broken down by geographic divisions, industrial sectors, occupations and gender. | Y26: Interviewer | AA26: Name | AH26: ID
AA28: Signature
A30: For more information | N30: Total household size | Q30: < 15 years old | S30: 15 years and above | Y30: Supervisor (if verified) | AA30: Name
A31: Address: Parishankan Babar E-27/A - Agargaon - Dhaka 1207 | S31: Males | U31: Females
A32: Phone:8181268 - Fax:8181509 | AA32: Signature
A33: E-mail: lmis.project.bbs@gmail.com

Sheet ToC
C1: Table of Contents
G4: Section | H4: Part | S4: Page
G6: 1 | I6: Household Information | S6: 3
H7: A | J7: Socio-Economic condition (Housing, assets, etc)
G9: 2 | I9: Household Roster | S9: 5
G10: 3 | I10: Education | S10: 6
H11: A | J11: In the general education system
H12: B | J12: Vocational training
G13: 4 | I13: Work status | S13: 8
G14: 5 | I14: Main job | S14: 9
G15: 6 | I15: Secondary job | S15: 13
G16: 7 | I16: Ocupational safety and health | S16: 15
G17: 8 | I17: Time-related Underemployment | S17: 17
G18: 9 | I18: Unemployment | S18: 18
G19: 10 | I19: Own-use production of goods | S19: 19
G20: 11 | I20: Own-use provision of services | S20: 20
G21: 12 | I21: Unpaid trainee work | S21: 21
G22: 13 | I22: Voluntary Work | S22: 22
G23: 14 | I23: Migration | S23: 23

Sheet 1A
A1: Section 1: Household information - Part A: Socio-economic condition (Housing, assets, etc)
U2: =A31+1 -> 6 | V2: Number of rooms | AD2: Total | AO2: =U34+1 -> 12 | AP2: What is the main source of income of your household? | AY2: Agriculture | BE2: 1
AY3: Manufacturing | BE3: 2
AD4: Living Room | AY4: Services | BE4: 3
A5: =A2+1 -> 1 | B5: What is the tenancy status of the dwelling occupied by this household? | M5: Owned | Q5: 1 | AY5: Income recipient | BE5: 4
M6: Rented | Q6: 2 | AY6: Remittances | BE6: 5
M7: Rent-free | Q7: 3 | U7: =U2+1 -> 7 | V7: What is the main source of drinking water of your household? | AC7: Tap | AK7: 1 | AY7: Other | BE7: 9
AC8: Tubewell / deep tubewell | AK8: 2
A9: =A5+1 -> 2 | B9: Type of dwelling | J9: Individual | Q9: 1 | AC9: Well | AK9: 3 | AO9: =AO2+1 -> 13 | AP9: What is the total amount of land owned by all household members? | AX9: No land | BE9: 0
J10: Apartment | Q10: 2 | AC10: Pond | AK10: 4 | AX10: 0.01-0.04 acres | BE10: 1
J11: Joint | Q11: 3 | AC11: River / Ditch / Canal | AK11: 5 | AX11: 0.05-2.49 acres | BE11: 2
AC12: Other | AK12: 9 | AX12: 2.50-7.49 acres | BE12: 3
A13: =A9+1 -> 3 | B13: Construction material of walls | J13: Straw / Bamboo / Polythene / Plastic / Canvas | Q13: 1 | AX13: 7.5 acres and above | BE13: 4
U14: =U7+1 -> 8 | V14: Does this household drink boiled / bottled / filtered water? | AI14: Yes | AK14: 1
J15: Mud / Unburnt brick | Q15: 2 | AI15: No | AK15: 2 | AO15: =AO9+1 -> 14 | AP15: Which of the following assets are available in your household? Cross (x) all that applies
J16: Tin (CI sheet) | Q16: 3
J17: Wood | Q17: 4 | U17: =U14+1 -> 9 | V17: What is the main source of light in your household? | AF17: Electricity | AK17: 1 | AQ17: =AO15&"a" -> 14a | AS17: Almirah / wardrobe
J18: Brick / Cement | Q18: 5 | AF18: Solar panel | AK18: 2 | AQ18: =LEFT(AQ17,LEN(AQ17)-1)&CHAR((CODE(RIGHT(AQ17,1))+1)) -> 14b | AS18: Sewing machine
J19: Other | Q19: 9 | AF19: Kerosene | AK19: 3 | AQ19: =LEFT(AQ18,LEN(AQ18)-1)&CHAR((CODE(RIGHT(AQ18,1))+1)) -> 14c | AS19: Microwave oven
AF20: Bio-gas | AK20: 4 | AQ20: =LEFT(AQ19,LEN(AQ19)-1)&CHAR((CODE(RIGHT(AQ19,1))+1)) -> 14d | AS20: Freezer / Fridge
A21: 4 | B21: Construction material of roof | J21: Straw / Bamboo / Polythene / Plastic / Canvas | Q21: 1 | AF21: Other | AK21: 9 | AQ21: =LEFT(AQ20,LEN(AQ20)-1)&CHAR((CODE(RIGHT(AQ20,1))+1)) -> 14e | AS21: Push cart / Rickshaw / Rickshaw van
AQ22: =LEFT(AQ21,LEN(AQ21)-1)&CHAR((CODE(RIGHT(AQ21,1))+1)) -> 14f | AS22: Bycicle
J23: Tin (CI sheet) | Q23: 2 | U23: =U17+1 -> 10 | V23: Which is the most used fuel for cooking in your household? | AC23: Wood / firewood | AK23: 1 | AQ23: =LEFT(AQ22,LEN(AQ22)-1)&CHAR((CODE(RIGHT(AQ22,1))+1)) -> 14g | AS23: Motorcycle
J24: Tally | Q24: 3 | AC24: Dung / Leave / Straw | AK24: 2 | AQ24: =LEFT(AQ23,LEN(AQ23)-1)&CHAR((CODE(RIGHT(AQ23,1))+1)) -> 14h | AS24: 3-weeled motor vehivle / easybike
J25: Brick / Cement | Q25: 4 | AC25: Gas / LP Gas | AK25: 3 | AQ25: =LEFT(AQ24,LEN(AQ24)-1)&CHAR((CODE(RIGHT(AQ24,1))+1)) -> 14i | AS25: Vehicle of 4 wheels or more
J26: Other | Q26: 9 | AC26: Bio-gas | AK26: 4 | AQ26: =LEFT(AQ25,LEN(AQ25)-1)&CHAR((CODE(RIGHT(AQ25,1))+1)) -> 14j | AS26: Boat / Motorboat
AC27: Kerosene | AK27: 5 | AQ27: =LEFT(AQ26,LEN(AQ26)-1)&CHAR((CODE(RIGHT(AQ26,1))+1)) -> 14k | AS27: Electric fan
AQ28: 14l | AS28: Mobile
AQ29: 14m | AS29: Telephone (Landphone)
AQ30: =LEFT(AQ29,LEN(AQ29)-1)&CHAR((CODE(RIGHT(AQ29,1))+1)) -> 14n | AS30: Television
A31: =A21+1 -> 5 | B31: Construction material of floor | J31: Mud / Unburnt brick | Q31: 1 | AC31: Electricity | AK31: 6 | AQ31: =LEFT(AQ30,LEN(AQ30)-1)&CHAR((CODE(RIGHT(AQ30,1))+1)) -> 14o | AS31: Computer (Desktop, Laptop, Tablet)
J32: Wood / Bamboo | Q32: 2 | AC32: Other | AK32: 9
J33: Brick / Cement | Q33: 3
J34: Mosaic / Tiles | Q34: 4 | U34: =U23+1 -> 11 | V34: What type of toilet is used by your household? | AB34: Sanitary (water-sealed) | AK34: 1
J35: Other | Q35: 9 | AB35: Pit latrine | AK35: 2
AB36: Kaccha | AK36: 3
AB37: Open air / No toilet facilities | AK37: 4

Sheet 1B

Sheet 2
D1: Section 2: Household Roster
D2: All household members
A3: Line Number | D3: 15 | AF3: =D3+1 -> 16 | AR3: =AF3+1 -> 17 | AV3: =AR3+1 -> 18 | BA3: =AV3+1 -> 19 | BG3: =BA3+1 -> 20
D4: List of all members in the household | AF4: Relation to the household head | AR4: Sex | AV4: Age | BA4: What is your religion? | BG4: Current Marital status
D5: All persons who usually live and eat together in the same house or compound and share the same housekeeping arrangement. A person is counted as a household member if s/he lives here or has been absent for less than 6 months. Exclude- Guests and strangers (First of all, the name of the household head, then the head’s spouse, smallest son/daughter, then elder son/daughter, spouse, children from smallest to eldest, father/ mother, brother sister, father/mother in law, brother/sister in law, Other relatives, household worker and Others) | BG5: Only if ≥ 10 years
AF6: Head | AK6: 1 | AL6: House maid | AQ6: 6 | AV6: (Complete Years) If age < 1 then write 00 If Age>99 then write 99
AF7: Husband / Wife | AK7: 2
AL8: Other relative | AQ8: 7
AF9: Son / Daughter | AK9: 3
AF11: Mother / Father / Mother-in-law / Father-in-law | AK11: 4 | AL11: Non relative | AQ11: 9
BA12: Islam | BF12: 1 | BG12: Unmarried | BM12: 1
BA13: Hinduism | BF13: 2 | BG13: Married | BM13: 2
BA14: Buddhism | BF14: 3 | BG14: Widow / Widower | BM14: 3
AF15: Brother / Sister | AK15: 5 | AR15: Male | AU15: 1 | BA15: Christianity | BF15: 4 | BG15: Separated | BM15: 4
D16: FULL NAME | AR16: Female | AU16: 2 | BA16: Other | BF16: 9 | BG16: Divorced | BM16: 5
A18: 1
A19: 2
A20: 3
A21: 4
A22: 5
A23: 6
A24: 7
A25: 8
A26: 9
A27: 10
A28: 11
A29: 12

Sheet 3A
D1: Section 3: Education; Part A: General Education System
D2: All household members
A3: Line Number | D3: ='2'!BG3+1 -> 21 | H3: =D3+1 -> 22 | Q3: =H3+1 -> 23 | AA3: =Q3+1 -> 24
D4: Can you read and write in any languages? | H4: Have you ever attended school? | Q4: What class are you currently attending? | AA4: What is the highest grade that you have completed?
R5: If age < 15, answer and | X5: ► | Y5: ='14'!D3 -> 95 | AB5: If age < 15, answer and | AH5: ► | AI5: ='14'!D3 -> 95
R6: If age >= 15, answer and | X6: ► | Y6: ='3B'!D3 -> 25 | AB6: If age >= 15, answer and | AH6: ► | AI6: ='3B'!D3 -> 25
H7: Yes, currently attending | N7: 1 | Q7: Pre-school | U7: 0 | V7: SSC / Equivalent | Z7: 10 | AA7: No class passed | AH7: 0 | AI7: SSC / Equivalent | AL7: 10
Q8: Class 1 | U8: 1 | AA8: Class 1 | AH8: 1
H9: Yes, attended in the past | N9: 2 | O9: ► | P9: =AA3 -> 24 | Q9: Class 2 | U9: 2 | V9: HSC / Equivalent | Z9: 11 | AA9: Class 2 | AH9: 2 | AI9: HSC / Equivalent | AL9: 11
Q10: Class 3 | U10: 3 | AA10: Class 3 | AH10: 3
H11: No, never attended | N11: 3 | Q11: Class 4 | U11: 4 | V11: Diploma | Z11: 12 | AA11: Class 4 | AH11: 4 | AI11: Diploma | AL11: 12
I12: If age < 15 | L12: ► | M12: ='14'!D3 -> 95 | Q12: Class 5 | U12: 5 | V12: Bachelor degree | Z12: 13 | AA12: PSC (Class 5) | AH12: 5 | AI12: Bachelor degree | AL12: 13
I13: If age >= 15 | L13: ► | M13: ='3B'!D3 -> 25 | Q13: Class 6 | U13: 6 | AA13: Class 6 | AH13: 6
Q14: Class 7 | U14: 7 | V14: Masters degree | Z14: 14 | AA14: Class 7 | AH14: 7 | AI14: Masters degree | AL14: 14
D15: Yes | G15: 1 | Q15: Class 8 | U15: 8 | AA15: JSC (Class 8) | AH15: 8
D16: No | G16: 2 | Q16: Class 9 | U16: 9 | V16: PhD | Z16: 15 | AA16: Class 9 | AH16: 9 | AI16: PhD | AL16: 15
A18: 1
A19: 2
A20: 3
A21: 4
A22: 5
A23: 6
A24: 7
A25: 8
A26: 9
A27: 10
A28: 11
A29: 12

Sheet 3B
D1: Section 3: Education; Part B: Vocational Training (Outside the General Education System)
D2: Applicable for household members who are 15 years and above
A3: Line Number | D3: ='3A'!AA3+1 -> 25 | J3: =D3+1 -> 26 | P3: =J3+1 -> 27 | AO3: =P3+1 -> 28 | AV3: =AO3+1 -> 29
D4: In the last 12 (twelve) months have you attended any vocational training? | J4: For how long did you attend this training? (In case of multiple trainings, the most important one should be identified and the duration for that needs to be mentioned) | P4: What type of training did you receive? | AO4: From what source did you receive this training (diploma/ certificate)? | AV4: What type of training would you like to receive?
P7: Mechanical / civil engineering | T7: 1 | U7: Craftsman / handicraft and cottage work | Y7: 6 | Z7: Non-crop agricultural activities | AD7: 9 | AE7: Beautician & hairdressing | AI7: 13 | AJ7: Construction related works | AN7: 18
AO8: Government institute | AU8: 1 | AV8: No need for training | BB8: 0
P9: Electrical and electronic engineering | T9: 2 | AE9: Tourism | AI9: 14 | AJ9: Furniture | AN9: 19
U10: Creative arts / artists / photography | Y10: 7 | Z10: Health and paramedical services | AD10: 10 | AE10: Journalism, mass communication | AI10: 15 | AJ10: Welding | AN10: 20 | AO10: Non-government institute | AU10: 2
J11: < 1 week | O11: 1 | AJ11: Poultry | AN11: 21 | AV11: ☚ | AX11: USE CODES IN
F12: 12m | J12: 1 - 2 weeks | O12: 2 | P12: Computer | T12: 3 | AJ12: Plumbing / Pipe Fitting | AN12: 22 | AO12: NGO | AU12: 3
J13: 3 - 4 weeks | O13: 3 | P13: Leather and Textile | T13: 4 | U13: Agriculture crop production and preservation | Y13: 8 | Z13: Office management | AD13: 11 | AE13: Printing | AI13: 16 | AO13: Foreign institute | AU13: 4 | AY13: =P3 -> 27
J14: 1 - 3 months | O14: 4 | AJ14: RMG | AN14: 23 | AO14: Joint venture institute | AU14: 5
D15: Yes | G15: 1 | J15: 4 - 6 months | O15: 5 | P15: Catering, hotel and restaurant | T15: 5 | Z15: Driving and motor mechanic | AD15: 12 | AE15: Foreign language | AI15: 17 | AJ15: Other | AN15: 99
D16: No | G16: 2 | H16: ► | I16: =AV3 -> 29 | J16: > 6 months | O16: 6 | AO16: Others (SPECIFY) | AU16: 9
A18: 1
A19: 2
A20: 3
A21: 4
A22: 5
A23: 6
A24: 7
A25: 8
A26: 9
A27: 10
A28: 11
A29: 12

Sheet 4
D1: Section 4: Work status
D2: Applicable for household members who are 15 years and above
D3: ='3B'!AV3+1 -> 30 | I3: =D3+1 -> 31 | V3: =I3+1 -> 32 | AB3: =V3+1 -> 33 | AP3: =AB3+1 -> 34 | AX3: If answers to Q32 and Q34 are both 2
D4: Respondent line number | I4: In the last 7 (seven) days did you work for at least 1 (one) hour in return of pay or profit? | V4: In the last 7 days did you have a job or business for pay or profit where you were absent temporarily and to which you will return to work? | AB4: In the last 7 (seven) days did you work for at least 1 (one) hour to produce goods and services for your own household? | AP4: In the last 7 days were you absent temporarily form a job in which you produce goods and sdervices for your own household and to which you will return to work?
D6: Try to interview each member of the household
N7: 7d | AG7: 7d
AY8: ► | AZ8: ='9'!D3 -> 77
I10: Example: Job, business, rickshawpulling, vending vegetables … | AB10: Rearing animals, producing vegetables, etc in own land, plot mainly for own consumption. Conducting agricultural work like cultivating rice, wheat, potato, etc mainly for own use.
AS11: 7d
I12: Mainly: Agricultural work for selling; Example: Cultivating rice, wheat, potato, etc for pay or profit.
X13: 7d
I15: Yes | S15: 1 | T15: ► | U15: =AB3 -> 33 | V15: Yes | AA15: 1 | AB15: Yes | AM15: 1 | AN15: ► | AO15: ='5A'!D3 -> 35 | AP15: Yes | AU15: 1 | AV15: ► | AW15: ='5A'!D3 -> 35
I16: No | S16: 2 | V16: No | AA16: 2 | AB16: No | AM16: 2 | AP16: No | AU16: 2
A18: 1
A19: 2
A20: 3
A21: 4
A22: 5
A23: 6
A24: 7
A25: 8
A26: 9
A27: 10
A28: 11
A29: 12

Sheet 5A
D1: Section 5: Main job - Part A
D2: Applicable for household members who are 15 years and above (In the last 7 (seven) days those who did not work but were employed, they should also be asked these questions)
A3: Line Number | D3: ='4'!AP3+1 -> 35 | M3: =D3+1 -> 36 | AK3: =M3+1 -> 37
D4: Talking about your MAIN job or business, what is the intention of this work? | M4: Talking about your MAIN job or business, what is the activity, industry or service carried out where you work? | AK4: What kind of goods are produced or services provided where you work?
AK6: Selling Computers Production of Rice / Wheat / Vegetables, etc Producing Shirts-Trousers, Woolen sweaters, etc Producing Bricks / Tally Producing Launch / Cargo
M8: Example -- Fine Computer shop Agriculture Fahim garments Sohel bricks limited Mesars Sundarban Navigation Limited
AK12: =AK3& "a" -> 37a | AZ12: =AK3&"b" -> 37b | BF12: =AK3&"c" -> 37c
D13: Mainly for pay or profit | L13: 1 | AK13: Description | AZ13: Economic Sector | BF13: BSIC Code
D14: Mainly to produce goods for the consumption of your household | L14: 2 | AZ14: Agriculture | BE14: 1
AZ15: Industry | BE15: 2
AZ16: Services | BE16: 3
A18: 1
A19: 2
A20: 3
A21: 4
A22: 5
A23: 6
A24: 7
A25: 8
A26: 9
A27: 10
A28: 11
A29: 12

Sheet 5B
D1: Section 5: Main Activity: Part B
D2: Applicable for household members who are 15 years and above (In the last 7 (seven) days those who did not work but were employed, they should also be asked these questions)
A3: Line Number | D3: ='5A'!AK3+1 -> 38 | M3: =D3+1 -> 39 | U3: =M3+1 -> 40 | Z3: =U3+1 -> 41
D4: How many persons including yourself work at the business / farm /firm where you work? | M4: What is the type of ownership of the business / farm / firm where you work? | U4: Does the business / farm / firm/ office where you work maintain accounts? | Z4: Where is the business / farm / firm/ office located?
D7: Count the employer and the employer's family members who work in the business
Z8: Inside house | AJ8: 1
Z9: In front of the house | AJ9: 2
D10: Only me | L10: 1 | M10: Government | R10: 1 | S10: ► | T10: =Z3 -> 41 | Z10: Factory, office, workshop,shop | AJ10: 3
D11: 2-4 persons | L11: 2 | M11: Autonomous | R11: 2 | Z11: Farm, agricultural plot, river etc | AJ11: 4
D12: 5-9 persons | L12: 3 | M12: Local government | R12: 3 | U12: Written accounts | Y12: 1 | Z12: Workplace of employer/client | AJ12: 5
D13: 10-24 persons | L13: 4 | M13: NGO | R13: 4 | U13: Verbal accounts | Y13: 2 | Z13: Construction site | AJ13: 6
D14: 25-99 persons | L14: 5 | M14: Private enterprise | R14: 5 | Z14: Roadside stall | AJ14: 7
D15: 100-249 persons | L15: 6 | M15: Household | R15: 6 | U15: No accounts | Y15: 3 | Z15: Mobile | AJ15: 8
D16: 250+ persons | L16: 7 | M16: Other | R16: 9 | Z16: Other | AJ16: 9
A18: 1
A19: 2
A20: 3
A21: 4
A22: 5
A23: 6
A24: 7
A25: 8
A26: 9
A27: 10
A28: 11
A29: 12

Sheet 5C
D1: Section 5: Main job - Part C
D2: Applicable for household members who are 15 years and above (In the last 7 (seven) days those who did not work but were employed, they should also be asked these questions)
A3: Line Number | D3: ='5B'!Z3+1 -> 42 | L3: =D3+1 -> 43 | AA3: =L3+1 -> 44 | AD3: =AA3+1 -> 45 | AH3: =AD3+1 -> 46 | AV3: =AH3+1 -> 47 | BJ3: =AV3+1 -> 48
D4: What kind of occupation do you usually have in this job / business? | L4: What are your main activities or duties in this job / business ? | AA4: This job / business is permanent or temporary? | AD4: Is it a full-time or a part-time employment? | AH4: How many hours did you actually work in the last 7 days in this job / business ? | AV4: During the last 7 (seven) days, on which days did you work at night? | BJ4: How many hours per week do you usually work in this job / business ?
BB7: 7d
D8: Example: Farmer, Rickshawpuller, fisherman, primary school teacher, machine operator, clerk, etc (mention designation if available) | L8: Example: Manager, private tution, catching fish in the river for selling, vegetable cultivation, animal rearing, etc | AN8: 7d
BJ9: IF UNDEFINED, WRITE 99
AH10: Hours worked per day in this job / business
AV11: Cross (x) all that applies
AH12: Sunday | AJ12: Monday | AL12: Tuesday | AN12: Wednesday | AP12: Thursday | AR12: Friday | AT12: Saturday | AV12: Sunday | AX12: Monday | AZ12: Tuesday | BB12: Wednesday | BD12: Thursday | BF12: Friday | BH12: Saturday
AA13: Permanent | AC13: 1 | BJ13: Total hours usually worked per week
L15: Description | W15: BSCO Code | AA15: Temporary | AC15: 2 | AD15: Full-time | AG15: 1
AD16: Part-time | AG16: 2 | AH16: =AH3&"a" -> 46a | AJ16: =AH3&"b" -> 46b | AL16: =AH3&"c" -> 46c | AN16: =AH3&"d" -> 46d | AP16: =AH3&"e" -> 46e | AR16: =AH3&"f" -> 46f | AT16: =AH3&"g" -> 46g | AV16: =AV3&"a" -> 47a | AX16: =AV3&"b" -> 47b | AZ16: =AV3&"c" -> 47c | BB16: =AV3&"d" -> 47d | BD16: =AV3&"e" -> 47e | BF16: =AV3&"f" -> 47f | BH16: =AV3&"g" -> 47g
A18: 1
A19: 2
A20: 3
A21: 4
A22: 5
A23: 6
A24: 7
A25: 8
A26: 9
A27: 10
A28: 11
A29: 12

Sheet 5D
D1: Section 5: Main job - Part D
D2: Applicable for household members who are 15 years and above (In the last 7 (seven) days those who did not work but were employed, they should also be asked these questions)
A3: Line Number | D3: ='5C'!BJ3+1 -> 49 | N3: =D3+1 -> 50 | U3: =N3+1 -> 51 | AB3: =U3+1 -> 52 | AR3: =AB3+1 -> 53 | AU3: =AR3+1 -> 54
D4: What is your status in this job / business? | N4: Are you employed on the basis of written contract or oral agreement? | U4: Why is your contract or agreement of limited duration? | AB4: Benefit from employer | AR4: What is the periodicity of payments in your main job? | AU4: How much money did you earn in the last 1 (one) month for this job?
D7: Employer (Self-employed with paid employee) | K7: 1 | L7: ► | M7: ='6A'!D3 -> 55 | AB7: Cross (x) all that applies
N8: Written contract (time not specified) | R8: 1 | S8: ► | T8: =AB3 -> 52 | U8: Workplace training | AA8: 1 | AB8: Pension or retirement fund | AD8: Maternity leave | AF8: Paid sick leave | AH8: Day care facilities | AJ8: Protection equipment’s or cloth | AL8: Transport /subsidized food facilities | AN8: Insurance | AP8: SeparateToilet facility for men / woman
D9: Self-employed | K9: 2 | U9: Internship | AA9: 2
D10: Family helper | K10: 3 | U10: Seasonal work | AA10: 3 | AX10: 1m
D11: Employee | K11: 4 | N11: Written contract (time limited) | R11: 2 | U11: Occasional / daily work | AA11: 4
D12: Day labourer | K12: 5 | U12: Government employment programme | AA12: 5
D13: Intern/Probationary (if paid) | K13: 6 | AR13: Daily | AT13: 1
N14: Verbal contract (Limited time) | R14: 3 | S14: ► | T14: =AB3 -> 52 | AR14: Weekly | AT14: 2 | AU14: =AU3&"a" -> 54a | AY14: =AU3&"b" -> 54b | BC14: =AU3&"c" -> 54c
D15: Domestic worker | K15: 7 | U15: Specific task | AA15: 6 | AR15: Monthly | AT15: 3 | AU15: In cash (TK) | AY15: In kind (TK) | BC15: Total
D16: Others (SPECIFY) | K16: 9 | U16: Others (SPECIFY) | AA16: 9 | AB16: =AB3&"a" -> 52a | AD16: =AB3&"b" -> 52b | AF16: =AB3&"c" -> 52c | AH16: =AB3&"d" -> 52d | AJ16: =AB3&"e" -> 52e | AL16: =AB3&"f" -> 52f | AN16: =AB3&"g" -> 52g | AP16: =AB3&"f" -> 52f | AR16: Other | AT16: 9
A18: 1
A19: 2
A20: 3
A21: 4
A22: 5
A23: 6
A24: 7
A25: 8
A26: 9
A27: 10
A28: 11
A29: 12

Sheet 6A
D1: Section 6: Secondary job - Part A
D2: Applicable for household members who are 15 years and above (In the last 7 (seven) days those who did not work but were employed, they should also be asked these questions)
A3: Line Number | D3: ='5D'!AU3+1 -> 55 | J3: =D3+1 -> 56 | P3: =J3+1 -> 57 | AK3: =P3+1 -> 58
D4: During the last 7 days did you do any other work? | J4: What is the intention of this work? | P4: What kind of goods are produced or services provided where you work? | AK4: What are your main activities or duties?
P6: Selling Computers Production of Rice / Wheat / Vegetable, etc Producing Shirt-Trousers, Woolen sweaters, etc Producing Bricks / Tally Producing Launch / Cargo | AK6: Example: Manager, private tution, catching fish in the river for selling, vegetable cultivation, animal rearing, etc
J9: Mainly for pay or profit | O9: 1
F10: 7d
J12: Mainly to produce goods for the consumption of your household | O12: 2 | P12: =P3&"a" -> 57a | AB12: =P3&"b" -> 57b | AG12: =P3&"c" -> 57c
AB13: Economic Sector | AG13: BSIC Code
P14: Description | AB14: Agriculture | AF14: 1
D15: Yes | F15: 1 | AB15: Industry | AF15: 2 | AK15: Description | AW15: BSCO Code
D16: No | F16: 2 | G16: ► | H16: ='7A'!D3 -> 63 | AB16: Services | AF16: 3
A18: 1
A19: 2
A20: 3
A21: 4
A22: 5
A23: 6
A24: 7
A25: 8
A26: 9
A27: 10
A28: 11
A29: 12

Sheet 6B
D1: Section 6: Secondary job - Part B
D2: Applicable for household members who are 15 years and above (In the last 7 (seven) days those who did not work but were employed, they should also be asked these questions)
A3: Line Number | D3: ='6A'!AK3+1 -> 59 | H3: =D3+1 -> 60 | T3: =H3+1 -> 61 | X3: =T3+1 -> 62
D4: How many hours did you work in this other job / business in the last 7 days? | H4: What is your status in this job / business? | T4: What is the periodicity of payments in this job? | X4: How much money did you earn in the last 1 (one) month for this job?
H7: Employer | Q7: 1 | R7: ► | S7: ='7A'!D3 -> 63
H9: Self-employed | Q9: 2
H10: Family helper | Q10: 3 | AA10: 1m
E11: 7d | H11: Employee | Q11: 4
H12: Day labourer | Q12: 5
H13: Intern/ Probationary (if paid) | Q13: 6 | T13: Daily | W13: 1
T14: Weekly | W14: 2 | X14: =X3&"a" -> 62a | AB14: =X3&"b" -> 62b | AF14: =X3&"c" -> 62c
H15: Domestic worker | Q15: 7 | T15: Monthly | W15: 3 | X15: In cash (TK) | AB15: In kind (TK) | AF15: Total
D16: HOURS | H16: Others (SPECIFY) | Q16: 9 | T16: Other | W16: 9
A18: 1
A19: 2
A20: 3
A21: 4
A22: 5
A23: 6
A24: 7
A25: 8
A26: 9
A27: 10
A28: 11
A29: 12

Sheet 7A
D1: Section 7: Occupational safety and health - Part A
D2: Aplicable for employed household members who are 15 years and above
A3: Line Number | D3: ='6B'!X3+1 -> 63 | L3: =D3+1 -> 64 | S3: =L3+1 -> 65 | Z3: =S3+1 -> 66 | AD3: =Z3+1 -> 67
D4: In the last 12 months have you been hurt in any accident while working that caused you injury or illness? (Include accidents that took place while commuting to/from work) | L4: Did any of the injuries result in your being absent from work /school, or unable to work/ attend school, for at least one day, apart from the day of the accident? | S4: Did the injuries seriously restrict your work or activities even though you were not absent from work or unable to work? | Z4: How many of these injuries did you have in the last 12 months? | AD4: In the last 12 (twelve) months how many days were you absent from work due to injuries sustained from accidents?
AF9: 12m
G11: 12m | AD11: If no days away from work write 00
AA12: 12m
Z14: (Number of accidents) | AD14: If it is impossible to return to work due to accident then write 99
D15: Yes | I15: 1 | L15: Yes | P15: 1 | Q15: ► | R15: =Z3 -> 66 | S15: Yes | W15: 1
D16: No | I16: 2 | J16: ► | K16: ='7B'!D3 -> 68 | L16: No | P16: 2 | S16: No | W16: 2 | X16: ► | Y16: =AD3 -> 67
A18: 1
A19: 2
A20: 3
A21: 4
A22: 5
A23: 6
A24: 7
A25: 8
A26: 9
A27: 10
A28: 11
A29: 12

Sheet 7B
D1: Section 7: Occupational Safety and Health - Part B
D2: Aplicable for employed household members who are 15 years and above
A3: Line Number | D3: ='7A'!AD3+1 -> 68 | AE3: =D3+1 -> 69
D4: During the last 12 months have you been exposed to any of the following hazards at work? | AE4: During the last 12 months, have you been subjected to the following at work?
Q6: 12m
D8: Cross (x) all that applies | AL8: 12m
D9: Dust, fumes, Loud noise or vibration | G9: Fire, gas, flames | J9: Extreme cold or heat | M9: Dangerous tools knives, blades, etc) | P9: Working too much below or above the surface of the earth | S9: Work in water / pond / river | V9: Workplace too dark or confined / Insufficient ventilation | Y9: Chemicals (pesticides, glues, etc.), Explosives | AB9: Others (specify)
AE10: Cross (x) all that applies
AE11: Constantly shouted at/ repeatedly insulted | AI11: Beaten /physically hurt | AM11: Sexually abused (touched) | AQ11: Others (specify)
D16: =D3&"a" -> 68a | G16: =D3&"b" -> 68b | J16: =D3&"c" -> 68c | M16: =D3&"d" -> 68d | P16: =D3&"e" -> 68e | S16: =D3&"f" -> 68f | V16: =D3&"g" -> 68g | Y16: =D3& "h" -> 68h | AB16: =D3&"i" -> 68i | AE16: =AE3&"a" -> 69a | AI16: =AE3&"b" -> 69b | AM16: =AE3&"c" -> 69c | AQ16: =AE3&"d" -> 69d
A18: 1
A19: 2
A20: 3
A21: 4
A22: 5
A23: 6
A24: 7
A25: 8
A26: 9
A27: 10
A28: 11
A29: 12

Sheet 8
D1: Section 8: Time-related underemployment
D2: Employed persons 15 years and older
A3: Line Number | D3: ='7B'!AE3+1 -> 70 | I3: =D3+1 -> 71 | N3: =I3+1 -> 72 | S3: =N3+1 -> 73 | AB3: =S3+1 -> 74 | AJ3: =AB3+1 -> 75 | AU3: =AJ3+1 -> 76
D4: In the last 7 (seven) days did you want to work more hours? | I4: How many more hours did you want to work daily? | N4: In the last 7 (seven) days were you available to work more hours? | S4: In the last 30 days did you look for additional work or a new job? | AB4: What is the intention of this work? | AJ4: What is the main reason why you looked for additional work or a new job in the last 30 days? | AU4: Why did not you look for more work in the last 7 (seven) days?
BF5: If Q31=1 or Q32=1
AV6: 7d | AX6: ANSWER AND | BC6: ► | BD6: ='10'!D3 -> 84
AJ7: 30d | AM7: ANSWER AND | AR7: ► | AS7: ='10'!D3 -> 84
V9: 30d | AJ9: Present job is temporary | AT9: 1 | AU9: Do not want more hours | BE9: 1 | BG9: ► | BH9: ='10'!D3 -> 84
AJ10: Fear of losing present job | AT10: 2 | AU10: Lack of finance/raw materials | BE10: 2
E11: 7d | J11: 7d | O11: 7d | AJ11: To work more hours | AT11: 3 | AU11: Off-season | BE11: 3 | BF11: If (Q31 or Q32=2) and (Q33 or Q34=1) then
S12: Yes (additional work) | X12: 1 | AJ12: To have a better paid job/activity | AT12: 4 | AU12: Industrial dispute | BE12: 4
AB13: Mainly for pay or profit | AI13: 1 | AJ13: For better use of skills & education | AT13: 5 | AU13: Student | BE13: 5
S14: Yes (new job) | X14: 2 | AB14: Mainly for own household use | AI14: 2 | AJ14: Health reason | AT14: 6 | AU14: Household duties | BE14: 6
D15: Yes | F15: 1 | N15: Yes | R15: 1 | AJ15: Better work environment | AT15: 7 | AU15: Illness/disability | BE15: 7 | BG15: ► | BH15: 77
D16: No | F16: 2 | G16: ► | H16: =N3 -> 72 | I16: HOURS | N16: No | R16: 2 | S16: No | X16: 3 | Y16: ► | Z16: =AU3 -> 76 | AJ16: Other | AT16: 9 | AU16: Other | BE16: 9
A18: 1
A19: 2
A20: 3
A21: 4
A22: 5
A23: 6
A24: 7
A25: 8
A26: 9
A27: 10
A28: 11
A29: 12

Sheet 9
D1: Section 9: Unemployment
D2: Persons 15 years and older
A3: Line Number | D3: ='8'!AU3+1 -> 77 | H3: =D3+1 -> 78 | N3: =H3+1 -> 79 | AA3: =N3+1 -> 80 | AO3: =AA3+1 -> 81 | AT3: =AO3+1 -> 82 | AY3: =AT3+1 -> 83
D4: In the last 30 (thirty) days did you look for work in return for pay or profit? | H4: In the last 30 (thirty) days did you look for work for the household's own consumption? | N4: What was the main mode of looking for work? | AA4: Why did not you look for any job/business in last 30 (thirty) days? | AO4: Were you available to work during the last 7 (seven) days? | AT4: How long have you been available and seeking work and without a job or business? | AY4: What was the reason for you not being available to work in last 7 days?
N6: MAIN MODE | T6: ANSWER AND | Y6: ► | Z6: =AO3 -> 81 | AY6: MAIN REASON | BF6: 7d
N8: Government employment centre | T8: 1 | U8: Exploring opportunities to set up own firm / business | Z8: 8 | AG8: 30d
J9: 30d | AY9: In school / training | BI9: 1
N10: Private employer | T10: 2 | AT10: ANSWER AND | AW10: ► | AX10: ='10'!D3 -> 84 | AY10: Housework / family work | BI10: 2
N11: Private employment centre | T11: 3 | AA11: Awaiting for joining workplace | AG11: 1 | AH11: In school/training | AN11: 6 | AY11: Illness, injury, disability | BI11: 3
E12: 30d | H12: Yes | K12: 1 | U12: Waited on the street to be recruited for casual work | Z12: 9 | AA12: No jobs available | AG12: 2 | AH12: Housework / family work | AN12: 7 | AP12: 7d | AT12: <1 month | AX12: 1 | AY12: Retired, too old for work | BI12: 4
H13: No | K13: 2 | N13: Directl to factory / farm | T13: 4 | AA13: Off-season | AG13: 3 | AT13: 1-6 months | AX13: 2 | AY13: Too young | BI13: 5
H14: If answer to Q | L14: =D3 -> 77 | N14: Friends / relatives | T14: 5 | AA14: Awaiting for setting self business | AG14: 4 | AH14: Inadequate work | AN14: 8 | AT14: 7-12 months | AX14: 3 | AY14: Off-season | BI14: 6
D15: Yes | G15: 1 | H15: is 2 then | N15: Newspaper advert | T15: 6 | AH15: No desire to work | AN15: 9 | AO15: Yes | AQ15: 1 | AT15: 1-2 years | AX15: 4 | AY15: Not interested to work | BI15: 7
D16: No | G16: 2 | H16: ► | I16: =AA3 -> 80 | N16: Internet | T16: 7 | U16: Other | Z16: 99 | AA16: Illness, injury, disability | AG16: 5 | AH16: Others (SPECIFY) | AN16: 99 | AO16: No | AQ16: 2 | AR16: ► | AS16: =AY3 -> 83 | AT16: 2+ years | AX16: 5 | AY16: Others (specify) | BI16: 9
A18: 1
A19: 2
A20: 3
A21: 4
A22: 5
A23: 6
A24: 7
A25: 8
A26: 9
A27: 10
A28: 11
A29: 12

Sheet 10
D1: Section 10: Own-use production of goods
D2: Applicable for household members who are 15 years and above | AA2: 30d
A3: Line Number | D3: ='9'!AY3+1 -> 84
D4: In the last 30 (thirty) days, how many hours did you spend in the following activities for your own household?
D5: For your own household or family. Not for wage, pay or profit.
D6: =$D3&"a" -> 84a | K6: =$D3&"b" -> 84b | R6: =$D3&"c" -> 84c | Y6: =$D3&"d" -> 84d | AF6: =$D3&"e" -> 84e | AM6: =$D3&"f" -> 84f | AT6: =D3&"g" -> 84g
D7: Work on your own plot, farm, or help grow farm produce or tending animal for the household’s own consumption | K7: Catch any fish, prawns, shells, wild animals or other food for the household’s own consumption? | R7: Conduct construction in own land, plot , etc for the household’s own consumption? | Y7: Collect water or firewood for own consumption | AF7: Produce clothing, furniture or other goods for household use? | AM7: Produce good for houehold's own consumption | AT7: What was the main intention of this work?
AT12: Only for own household use | BA12: 1
D13: Examples: Ploughing, harvesting, tending livestock.
AT14: Mainly for own household use but partly for sale | BA14: 2
D15: (Hours) | K15: (Hours) | R15: (Hours) | Y15: (Hours) | AF15: (Hours) | AM15: (Hours)
A18: 1
A19: 2
A20: 3
A21: 4
A22: 5
A23: 6
A24: 7
A25: 8
A26: 9
A27: 10
A28: 11
A29: 12

Sheet 11
D1: Section 11.1: OWN-USE PRODUCTION OF GOODS
D2: Applicable for household members who are 15 years and above
A3: Line Number | D3: ='10'!D3+1 -> 85 | V3: =D3+1 -> 86
D4: In the last 7 (seven) days, did you do any of the following activities for your household even for 1 (one) hour? | V4: In the last 7 (seven) days how many hours did you spend in these activiites?
D7: For your own household or family. Not for wage, pay or profit. | R7: 7d
D9: If nothing applies | O9: ► | P9: ='12'!D3 -> 87
D10: Cross (x) all that applies
D11: Cooking | G11: Cleaning clothes and dishes | J11: Cleaning utensil / house | M11: Shopping | P11: Caring for children /old /sick | S11: Others
X13: 7d
D16: =D3&"a" -> 85a | G16: =D3&"b" -> 85b | J16: =D3&"c" -> 85c | M16: =D3&"d" -> 85d | P16: =D3&"e" -> 85e | S16: =D3&"f" -> 85f | V16: HOURS
A18: 1
A19: 2
A20: 3
A21: 4
A22: 5
A23: 6
A24: 7
A25: 8
A26: 9
A27: 10
A28: 11
A29: 12

Sheet 12
D1: Section 12: Unpaid trainee work
D2: Applicable for household members who are 15 years and above
A3: Line Number | D3: ='11'!V3+1 -> 87 | R3: =D3+1 -> 88 | Z3: =R3+1 -> 89 | AF3: =Z3+1 -> 90
D4: During the last 7 days did you attend any traineeship, apprenticeship or internship in which you had to produce goods or services for others, even if only for 1 hour? | R4: Did you or will you receive any payment for this specific activity (in cash or in kind)? | Z4: For how many hours did you perform this activity during the last 7 days? | AF4: What is the total duration of this traineeship, apprenticeship, internship or skills training?
J9: 7d
R10: Snacks, lunch or travel allowance cannot be included
D11: The skill enhancement training of already employed persons cannot be considered here | AB11: 7d
D15: Yes | N15: 1 | R15: Yes | V15: 1 | W15: ► | X15: ='Voluntary Work'!D3 -> 91
D16: No | N16: 2 | O16: ► | P16: ='Voluntary Work'!D3 -> 91 | R16: No | V16: 2 | Z16: HOURS | AF16: Days
A18: 1
A19: 2
A20: 3
A21: 4
A22: 5
A23: 6
A24: 7
A25: 8
A26: 9
A27: 10
A28: 11
A29: 12

Sheet Voluntary Work
D1: Section 13: Voluntary Work
D2: Applicable for household members who are 15 years and above | Y2: 30d
A3: Line Number | D3: ='12'!AF3+1 -> 91 | AB3: =D3+1 -> 92 | AL3: =AB3+1 -> 93 | AU3: =AL3+1 -> 94
D4: In the last 30 days did you do any of the following activities for at least one hour voluntarily and without pay (in cash or in kind) for persons outside your household and outside your family? | AB4: How many times have you done such work? | AL4: What was your main mode of doing this kind of work? | AU4: In the last 30 (thirty) days how many hours did your work voluntarily?
M7: IF NOTHING APPLIES | R7: ► | S7: ='14'!D3 -> 95 | AB7: Ask for the most important voluntary work if multiple cases of such work are present
D8: Cross (x) all that applies
D9: Personal assistance | F9: Activities related to healthcare | H9: Activities related to education | J9: Activities related to youths and children | L9: Cultural and recreational activities | N9: Social Welfare | P9: Emergency and Relief | R9: Financial help | T9: Activities related to religion | V9: Human rights and politics | X9: Environment protection | Z9: Other
AB12: Daily | AK12: 1
AB13: 3-6 times/week | AK13: 2 | AW13: 30d
AB14: 1-2 times/week | AK14: 3 | AL14: Alone | AT14: 1
AB15: Once in two weeks | AK15: 4 | AL15: Through a local group | AT15: 2
D16: =D3&"a" -> 91a | F16: =D3&"b" -> 91b | H16: =D3&"c" -> 91c | J16: =D3&"d" -> 91d | L16: =D3&"e" -> 91e | N16: =D3&"f" -> 91f | P16: =D3&"g" -> 91g | R16: =D3& "h" -> 91h | T16: =D3&"i" -> 91i | V16: =D3&"j" -> 91j | X16: =D3&"k" -> 91k | Z16: =D3&"l" -> 91l | AB16: Only once | AK16: 5 | AL16: Through an organization | AT16: 3 | AU16: HOURS
A18: 1
A19: 2
A20: 3
A21: 4
A22: 5
A23: 6
A24: 7
A25: 8
A26: 9
A27: 10
A28: 11
A29: 12

Sheet 14
D1: Section 14: Migration
D2: Applicable for all members of the household
A3: Line Number | D3: ='Voluntary Work'!AU3+1 -> 95 | M3: =D3+1 -> 96 | T3: =M3+1 -> 97 | W3: =T3+1 -> 98 | AF3: =W3+1 -> 99 | AM3: =AF3+1 -> 100 | AQ3: =AM3+1 -> 101 | AV3: =AQ3+1 -> 102
D4: Where did your mother live when you were born? | M4: Name of the country | T4: Was it a rural or urban area? | W4: Where did you live before coming to this Upazila/Thana? | AF4: Name of the country | AM4: Was it a rural or urban area? | AQ4: Since what year have you been permanently living in this Upazilla / Thana? | AV4: What was the main reason for coming to this Upazilla / Thana?
W7: Always lived in this Upazila/Thana since birth | AC7: End | AV7: In search of employment/job | BB7: 1
AB8: 1
AV9: Job transfer | BB9: 2
AV10: Family reason | BB10: 3
AQ11: Example: 1945, 1987, 2014, etc | AV11: Study / training | BB11: 4
D12: This Upazilla/Thana | J12: 1 | K12: ► | L12: =T3 -> 97 | AV12: Marriage | BB12: 5
D13: Another Upazilla / thana of this Zilla | J13: 2 | W13: In another Upazila/ Thana in this district | AC13: 2 | AD13: ► | AE13: =AM3 -> 100 | AV13: Natural disaster | BB13: 6
AV14: Political reason | BB14: 7
D15: Another Zilla | J15: 3 | M15: =M3&"a" -> 96a | R15: =M3&"b" -> 96b | T15: Rural | V15: 1 | W15: In another Zilla | AC15: 3 | AF15: =AF3&"a" -> 99a | AK15: =AF3&"b" -> 99b | AM15: Rural | AP15: 1 | AV15: Conflict | BB15: 8
D16: Another country | J16: 4 | M16: Name | R16: Code | T16: Urban | V16: 2 | W16: In another country | AC16: 4 | AF16: Name | AK16: Code | AM16: Urban | AP16: 2 | AV16: Other reason | BB16: 9
A18: 1
A19: 2
A20: 3
A21: 4
A22: 5
A23: 6
A24: 7
A25: 8
A26: 9
A27: 10
A28: 11
A29: 12

Sheet 15A
A3: Line Number
A18: 1
A19: 2
A20: 3
A21: 4
A22: 5
A23: 6
A24: 7
A25: 8
A26: 9
A27: 10
A28: 11
A29: 12

Sheet 15B
A3: Line Number
A18: 1
A19: 2
A20: 3
A21: 4
A22: 5
A23: 6
A24: 7
A25: 8
A26: 9
A27: 10
A28: 11
A29: 12

Sheet 15C
A3: Line Number
A18: 1
A19: 2
A20: 3
A21: 4
A22: 5
A23: 6
A24: 7
A25: 8
A26: 9
A27: 10
A28: 11
A29: 12

Sheet Flap

Sheet Activities.ext
A1: 01 | B1: Getting information about goods or services
A2: 02 | B2: Seeking health information
A3: 03 | B3: Making an appointment with a health practitioner via a website
A4: 04 | B4: Getting information from general government organizations
A5: 05 | B5: Interacting with general government organizations
A6: 06 | B6: Sending or receiving e-mail
A7: 07 | B7: Telephoning over the Internet/VoIP (Using Skype, iTalk, Viber, line, what Sapp, Tango)
A8: 08 | B8: Participating in social networks (facebook, twitter)
A9: 09 | B9: Accessing chat sites, blogs, newsgroups or online discussions
A10: 10 | B10: Purchasing or ordering goods or services
A11: 11 | B11: Selling goods or services
A12: 12 | B12: Using services related to travel or travel-related accommodation
... A29: 29 | B29: Using software run over the Internet for editing text, documents, spreadsheets or presentations
